 Dungeon Crawl Stone Soup version 0.30-a0-1103-g25895a7845 (webtiles) character file.

Game seed: 8379665955277633761

5 demibob the Grave Robber (level 1, -2/15 HPs)
             Began as a Demonspawn Wanderer on Apr 18, 2023.
             Slain by a hobgoblin (3 damage)
             ... on level 1 of the Dungeon.
             The game lasted 00:00:18 (149 turns).

demibob the Grave Robber (Demonspawn Wanderer)       Turns: 149, Time: 00:00:19

Health: -2/15      AC:  3    Str: 12    XL:     1   Next: 66%
Magic:  2/2        EV: 11    Int: 14    God:
Gold:   8          SH:  0    Dex: 11    Spells: 2/2 levels left

rFire   . . .      SeeInvis .    a - +0 club
rCold   . . .      Faith    .    (no shield)
rNeg    . . .      Spirit   .    c - +0 robe
rPois   .          Reflect  .    (no helmet)
rElec   .          Rampage  .    d - +0 cloak
rCorr   .                        (no gloves)
Will    +....                    (no boots)
Stlth   ++                       (no amulet)
HPRegen 0.22/turn                W - ring of willpower
MPRegen 0.08/turn                (no ring)

@: no status effects
A: no striking features
a: no special abilities


You were on level 1 of the Dungeon.
You visited 1 branch of the dungeon, and saw 1 of its levels.

You collected 8 gold pieces.


   Skills:
 + Level 1.1 Fighting
 + Level 2.7 Stealth
 + Level 1.1 Spellcasting
 + Level 4.4 Necromancy
 + Level 1.1 Air Magic


You had 2 spell levels left.
You didn't know any spells.
Your spell library contained the following spells:

 Spells                   Type           Power      Damage    Failure   Level
 Necrotise                Necr           52%        1d6       4%          1
 Cigotuvi's Dreadful Rot  Necr/Pois/Air  12%        N/A       19%         2
 Shock                    Conj/Air       8%         1d3       21%         1
 Dispel Undead            Necr           13%        3d9       38%         4
 Vhi's Electric Charge    Tloc/Air       4%         N/A       52%         3

Inventory:

Hand Weapons
 a - a +0 club (weapon)
Armour
 c - a +0 robe (worn)
 d - a +0 cloak (worn)
Jewellery
 W - a ring of willpower (left hand)
Scrolls
 b - a scroll of teleportation {@r2}

Dungeon Overview and Level Annotations

Branches:
Dungeon (1/15)

Altars:

~~.~~~~~~~ ♣~.~♣♣♣♣♣P PP
#.. ♣~.~♣P♣P♣♣PPP #.#
~~.~~~~~~~~~~~#.#
.....~~~~~~~~ #.#
.###.~(♣PP.P♣~#..
.#§#.~P.♣♣♣.P~#.## #
.###.~♣♣PPP.P~#..###.##
.....~~~~~~~~~#.@gJ#..####
~~.~~~~~~~~~~~#.##........
♣~.~♣♣..♣♣♣♣♣~#.##...#+#..
♣~.~♣P♣..♣♣P♣~#.##..8#
~~.~~~~~~~~~~~#..#.###
##'############..#.+
.............†...#.#
▒.......##.......#..
.▒..##†###.......#..


You could see an endoplasm and a hobgoblin.


Message History

You are too injured to fight recklessly!
The quokka bites you.
* * * LOW HITPOINT WARNING * * *
The endoplasm attacks as you move away! The endoplasm closely misses you.
You hit the quokka.
The quokka is lightly wounded.
The quokka misses you. The quokka closely misses you.
You hit the quokka.
The quokka is almost dead.
The quokka closely misses you.
You closely miss the quokka.
The quokka is almost dead.
The quokka barely misses you.
The quokka bites you but does no damage.
You closely miss the quokka.
The quokka is almost dead.
The quokka barely misses you.
You hit the quokka.
You kill the quokka!
You hit the hobgoblin but do no damage. The hobgoblin hits you.
* * * LOW HITPOINT WARNING * * *
You barely miss the hobgoblin. The hobgoblin barely misses you. x2
You hit the hobgoblin.
The hobgoblin is lightly wounded.
The hobgoblin hits you.
* * * LOW HITPOINT WARNING * * *
You hit the hobgoblin.
The hobgoblin is severely wounded.
The hobgoblin hits you.
You die...

Action                     || total
---------------------------++-------
  Melee: Club              ||    28
         Punch             ||     1
 Armour: Robe              ||    11
  Dodge: Dodged            ||    32

Levels and vault maps discovered:
D:1:      lightli_arrival_farm, layout_rooms, serial_shops, shop,
          nicolae_shop_real_fake_doors, nicolae_shop_overgrown_old_shop,
          nicolae_shop_behind_doors, shapermc_ecumenical_altar_venn

Notes
Turn   | Place    | Note
-------+----------+-------------------------------------------
     0 | D:1      | demibob the Demonspawn Wanderer began the quest for the
                  | Orb.
     0 | D:1      | demibob set off with the following items: a +0 club, a
                  | scroll of teleportation {@r2}, a +0 robe, a +0 cloak; and
                  | the following spells available to memorise: Necrotise,
                  | Cigotuvi's Dreadful Rot, Shock, Dispel Undead, Vhi's
                  | Electric Charge.
     0 | D:1      | Reached XP level 1. HP: 15/15 MP: 2/2
   148 | D:1      | HP: 1/15 [hobgoblin (4)]
   149 | D:1      | Slain by a hobgoblin

Vanquished Creatures
  A bat (D:1)
  A giant cockroach (D:1)
  A quokka (D:1)
  2 ball pythons (D:1)
5 creatures vanquished.

Table legend: (Time is in decaauts)
 A = Elapsed time spent in this place.
 B = Non-inter-level travel time spent in this place.
 C = Inter-level travel time spent in this place.
 D = Time resting spent in this place.
 E = Time spent auto-exploring this place.
 F = Levels seen in this place.
 G = Mean time per level.
                   A        B        C        D        E       F      G
               +--------+--------+--------+--------+--------+-----+--------+
         Total |    161 |    161 |      0 |      0 |    105 |   1 |  161.0 |
       Dungeon |    161 |    161 |      0 |      0 |    105 |   1 |  161.0 |
               +--------+--------+--------+--------+--------+-----+--------+

Top non-repeatable levels by time:
     D:1: 161 daAuts

Table legend:
 A = Non-vault XP
 B = Vault XP
 C = Vault XP percentage of total XP
 D = Non-vault monster count
 E = Vault monster count
 F = Vault count percentage of total count
                 A         B        C        D         E       F
            +---------+---------+-------+---------+---------+-------
      Total |       8 |       0 |   0.0 |       5 |       0 |   0.0
            +---------+---------+-------+---------+---------+-------
        D:1 |       8 |       0 |   0.0 |       5 |       0 |   0.0
            +---------+---------+-------+---------+---------+-------
